Map: Prion Terraces

Players

Ckong

  • Race: Terran Terran
  • League: Diamond

ILLBdA - Winner!

  • Race: Protoss Protoss
  • League: Diamond

VOD

Have the link to the VOD?

Description

Time

  • Played on: Dec. 29, 2015, 1:57 a.m.
  • Length: 5:57
Show
View Real Time Build Order
Export as new Build Order

Ckong Terran 

Build Orders:  

Get SALT Encoding   

  12  0:00  SCV  
  13  0:13  SCV  
  14  0:18  Supply Depot  
  14  0:25  SCV  
  15  0:40  SCV  
  15  0:41  Barracks  
  16  0:52  SCV  
  16  0:55  Supply Depot  
  17  1:04  SCV  
  18  1:21  SCV  
  19  1:27  Marine  
  20  1:37  Orbital Command  
  20  1:38  Command Center  
  20  1:46  Marine  
  21  1:51  Barracks  
  21  2:00  Barracks  
  21  2:04  SCV  
  21  2:06  Marine  
  23  2:17  Refinery  
  23  2:18  Refinery  
  23  2:25  Bunker, Marine  
  23  2:27  SCV  
  25  2:39  SCV  
  25  2:42  Marine  
  27  2:45  Marine  
  27  2:50  Barracks Tech Lab  
  27  2:51  Orbital Command  
  28  2:56  SCV  
  29  3:03  Engineering Bay, Marine  
  30  3:07  Marine  
  30  3:09  SCV  
  34  3:13  Marauder  
  34  3:20  Stimpack  
  34  3:23  SCV  
  35  3:28  Barracks Reactor, Barracks Tech Lab  
  35  3:33  Missile Turret  
  35  3:37  Missile Turret  
  35  3:40  SCV  
  35  3:41  SCV  
  37  3:46  Marauder  
  39  3:49  Marauder  
  39  3:54  SCV  
  42  3:57  SCV  
  43  4:03  Factory  
  43  4:06  Supply Depot  
  43  4:08  Marine x2  
  45  4:16  SCV  
  46  4:18  SCV  
  46  4:20  Marauder  
  45  4:25  Marauder  
  45  4:26  Marine  
  45  4:28  SCV  
  45  4:33  Marine  
  45  4:39  Refinery  
  45  4:41  Marine  
  45  4:42  SCV x2  
  45  4:45  Marine  
  49  4:48  Marauder  
  49  4:51  Supply Depot  
  49  4:52  Marine  
  52  5:00  Starport, Factory Reactor  
  52  5:05  Supply Depot  
  52  5:07  Marauder  
  52  5:12  SCV, Marine  
Show
View Real Time Build Order
Export as new Build Order

ILLBdA Protoss - Winner!

Build Orders: 1 Gate Expand, Oracle Opening 

Get SALT Encoding   

  12  0:01  Probe (Chrono Boost)  
  13  0:11  Probe (Chrono Boost)  
  14  0:18  Pylon  
  14  0:22  Probe (Chrono Boost)  
  15  0:36  Probe (Chrono Boost)  
  15  0:40  Gateway  
  16  0:47  Probe (Chrono Boost)  
  17  1:07  Nexus  
  17  1:11  Probe (Chrono Boost)  
  17  1:16  Assimilator  
  18  1:20  Assimilator  
  18  1:24  Probe (Chrono Boost)  
  19  1:34  Cybernetics Core  
  19  1:37  Probe (Chrono Boost)  
  20  1:47  Probe (Chrono Boost)  
  20  1:50  Pylon  
  21  1:58  Probe (Chrono Boost)  
  22  2:08  Probe (Chrono Boost)  
  23  2:10  Adept (Chrono Boost)  
  23  2:12  Warp Gate  
  25  2:17  Probe  
  25  2:20  Probe  
  27  2:31  Probe  
  27  2:32  Probe  
  29  2:40  Stargate  
  29  2:41  Probe (Chrono Boost)  
  30  2:45  Probe (Chrono Boost)  
  30  2:48  Pylon  
  31  2:53  Probe (Chrono Boost)  
  31  2:58  Probe (Chrono Boost)  
  33  3:04  Mothership Core (Chrono Boost)  
  35  3:09  Assimilator  
  35  3:10  Assimilator  
  35  3:17  Forge  
  35  3:21  Probe (Chrono Boost)  
  35  3:23  Oracle (Chrono Boost)  
  35  3:25  Probe  
  40  3:33  Probe  
  41  3:34  Stalker  
  41  3:41  Probe, Pylon  
  43  3:45  Probe  
  46  3:56  Photon Cannon  
  46  3:59  Photon Cannon  
  47  4:05  Oracle (Chrono Boost)  
  47  4:06  Probe  
  47  4:08  Probe  
  50  4:20  Probe  
  51  4:26  Probe  
  52  4:36  Oracle (Chrono Boost)  
  52  4:38  Probe x2  
  56  4:41  Robotics Facility  
  57  4:48  Pylon x2  
  57  4:55  Probe  
  58  5:01  Probe  
  58  5:05  Gateway x2  
  59  5:09  Oracle (Chrono Boost)  
  59  5:12  Probe  
  63  5:18  Probe  
  63  5:42  Probe, Nexus  
  63  5:44  Pylon  
  63  5:45  Robotics Bay  
Tags
 
Add a new tag
Caveats
  • Supply blocks, unpowered buildings, or Contaminate may cause inaccurate times.
  • Supply counts are checked every 10 seconds.